 Dungeon Crawl Stone Soup version 0.28.0 (webtiles) character file.

Game seed: 14098526090377153044

81 Deca the Skirmisher (level 4, -2/40 HPs)
             Began as a Draconian Berserker on Feb 16, 2022.
             Was a Believer of Trog.
             Slain by a goblin (5 damage)
             ... led by Robin
             ... on level 3 of the Dungeon.
             The game lasted 00:03:57 (1768 turns).

Deca the Skirmisher (Draconian Berserker)           Turns: 1768, Time: 00:03:58

Health: -2/40      AC:  8    Str: 21    XL:     4   Next: 19%
Magic:  1/4        EV: 12    Int:  8    God:    Trog [**....]
Gold:   83         SH:  0    Dex: 10    Spells: 3/3 levels left

rFire   . . .      SeeInvis .   a - +0 mace
rCold   . . .      Faith    .   (no shield)
rNeg    . . .      Spirit   .   (armour unavailable)
rPois   .          Reflect  .   (helmet restricted)
rElec   .          Harm     .   (no cloak)
rCorr   .          Rampage  .   f - +2 pair of gloves {infuse}
Will    .....                   (no boots)
Stlth   +.........              (no amulet)
HPRegen 0.13/turn               (no ring)
MPRegen 0.09/turn               (no ring)

@: no status effects
A: AC +5, unfitting armour, cold-blooded
a: Renounce Religion, Berserk, Trog's Hand


You were on level 3 of the Dungeon.
You worshipped Trog.
Trog was pleased with you.
You visited 1 branch of the dungeon, and saw 3 of its levels.

You collected 83 gold pieces.

Inventory:

Hand Weapons
 a - a +0 mace (weapon)
Missiles
 d - 6 silver javelins (quivered)
Armour
 f - a +2 pair of gloves of infusion (worn)
Scrolls
 c - a scroll of enchant weapon {unknown}
 e - a scroll of magic mapping {unknown}
 g - a scroll of teleportation {unknown}
 h - a scroll of holy word {unknown}


   Skills:
 + Level 4.1 Fighting
 + Level 3.8 Maces & Flails
 + Level 3.4 Dodging


You had 3 spell levels left.
You didn't know any spells.
Your spell library contained the following spells:

 Spells                   Type           Power      Damage    Failure   Level
 Petrify                  Tmut/Erth      0%         N/A       99%         4
 Metabolic Englaciation   Hex/Ice        0%         N/A       100%        5
 Statue Form              Tmut/Erth      0%         N/A       100%        6


Dungeon Overview and Level Annotations

Branches:
Dungeon (3/15)

Altars:
Uskayaw

Portals:
Sewer: D:3

Annotations:
D:3 Robin


Innate Abilities, Weirdness & Mutations

Your plain brown scales are hard. (AC +5)
You cannot fit into any form of body armour.
You are cold-blooded and may be slowed by cold attacks.


Message History

You closely miss the goblin. The goblin completely misses you.
Robin hits you but does no damage. The hobgoblin barely misses you.
The goblin hits you with a +0 club.
* * * LOW HITPOINT WARNING * * *
You hit the hobgoblin.
You tail-slap the hobgoblin, but do no damage.
The hobgoblin is heavily wounded.
Robin hits you from afar with a +0 spear.
* * * LOW HITPOINT WARNING * * *
The hobgoblin barely misses you. The goblin hits you but does no damage.
Unknown command.
You barely miss the hobgoblin. Your punch misses the hobgoblin.
The hobgoblin is moderately wounded.
Robin barely misses you.
The hobgoblin hits you but does no damage.
The goblin barely misses you.
You hit the hobgoblin.
You kill the hobgoblin!
Trog accepts your kill.
The goblin no longer looks unusually strong.
The bat barely misses you. Robin barely misses you.
The goblin barely misses you. Robin closely misses you. The bat misses you.
You hit the goblin but do no damage. The bat hits you but does no damage.
The bat completely misses you. The goblin barely misses you.
Robin roars a battlecry!
The goblin goes into a battle-frenzy!
You closely miss the goblin.
Your tail-slap misses the goblin.
The bat hits you but does no damage. The goblin hits you with a +0 club.
* * * LOW HITPOINT WARNING * * *
Robin barely misses you. The bat barely misses you.
The goblin completely misses you.
Unknown command.
You closely miss the goblin. The bat barely misses you.
Robin hits you from afar with a +0 spear.
* * * LOW HITPOINT WARNING * * *
The goblin closely misses you.
You barely miss the goblin. The bat closely misses you.
Robin barely misses you. The bat hits you but does no damage.
The goblin hits you with a +0 club.
You die...

.. ##.. .... ####...# #.
#......# #. ##..... .###
#.##...# . #.
...##.##<..######...?
#.###..>.....JSb@g......
..............g####.....
..................#. ...
...........†......... .
.....>...†...........
.....................
.....................
.g....)..............
.....................


You could see Robin, an endoplasm, a goblin (strong), a bat and a ball python.

Vanquished Creatures
  2 adders (D:2)
  A river rat (D:3)
  2 worms
  A dart slug (D:1)
  5 ball pythons
  5 bats
  An endoplasm (D:3)
  3 giant cockroaches
  2 hobgoblins
  A quokka (D:1)
  3 frilled lizards
  12 goblins
  2 kobolds
  5 rats
45 creatures vanquished.

Notes
Turn   | Place    | Note
-------+----------+-------------------------------------------
     0 | D:1      | Deca the Draconian Berserker began the quest for the Orb.
     0 | D:1      | Reached XP level 1. HP: 19/19 MP: 1/1
   178 | D:1      | Reached XP level 2. HP: 24/26 MP: 2/2
   843 | D:2      | Found a hide-covered altar of Uskayaw.
  1301 | D:2      | Reached XP level 3. HP: 33/33 MP: 0/3
  1412 | D:2      | Reached ** piety under Trog
  1690 | D:3      | Reached skill level 4 in Fighting
  1712 | D:3      | Found a glowing drain.
  1738 | D:3      | Noticed Robin
  1744 | D:3      | Reached XP level 4. HP: 24/40 MP: 0/4
  1768 | D:3      | Slain by a goblin

Illustrated notes

Levels and vault maps discovered:
D:1:      evilmike_arrival_hilbert_curve, layout_loops_ring
D:2:      layout_basic, basic_altar, minmay_misc_feat_room
D:3:      layout_rooms, basic_ecumenical_altar, gammafunk_ghost_icy,
          portal_sewer_entry_a, serial_shops, nicolae_shop_statue_plus,
          uniq_terence, uniq_robin

Skill      XL: |  1  2  3 |
---------------+----------+-----
Dodging        | 3 |  3.4
Fighting       | 4 |  4.1
Maces & Flails | |  3.8

Action                   |  1- 3 |  4- 6 || total
-------------------------+-------+-------++-------
Melee: Mace              |    89 |    24 ||   113
       Tailslap          |     5 |     3 ||     8
       Punch             |     1 |       ||     1
  Use: Potion            |     2 |       ||     2
       Scroll            |       |     1 ||     1
Armor: Skin              |    36 |    25 ||    61
Dodge: Dodged            |    79 |    41 ||   120
